 Dungeon Crawl Stone Soup version 0.19-a0-1553-g64c24c3 (webtiles) character file.

12742 Svalin the Severer (level 11, 101/101 HPs)
             Began as a Minotaur Berserker on Sept 9, 2016.
             Was a High Priest of Trog.
             Quit the game on level 11 of the Dungeon on Sept 14, 2016.
             The game lasted 00:36:47 (14156 turns).

Svalin the Severer (Minotaur Berserker)            Turns: 14156, Time: 00:36:47

Health: 101/101    AC: 15    Str: 23    XL:     11   Next: 66%
Magic:  10/10      EV:  8    Int:  8    God:    Trog [*****.]
Gold:   455        SH:  0    Dex: 12    Spells: 0 memorised, 10 levels left

rFire  . . .     SeeInvis +     O - +3 trident of Huonker {pierce, Int+4} (curse)
rCold  . . .     Gourm    .     f - +0 plate armour
rNeg   + . .     Faith    .     (no shield)
rPois  .         Spirit   +     (helmet restricted)
rElec  +         Dismiss  .     p - -1 cloak of the Gusle {rElec Slay+3}
rCorr  .         Reflect  .     (no gloves)
MR     .....     Harm     .     (no boots)
Stlth  ..........               b - amulet of guardian spirit
                                N - ring of see invisible
                                H - ring of positive energy

@: no status effects
A: retaliatory headbutt, horns 2
a: Berserk, Trog's Hand, Brothers in Arms, Burn Spellbooks, Renounce Religion


You were on level 11 of the Dungeon.
You worshipped Trog.
Trog was extremely pleased with you.
You were not hungry.

You visited 1 branch of the dungeon, and saw 12 of its levels.
You also visited: Sewer and Bailey.

You collected 704 gold pieces.
You spent 249 gold pieces at shops.

Inventory:

Hand Weapons
 u - a +2 executioner's axe of distortion
 w - the +11 war axe of the Vestibule of Hell {speed, *Drain Int+6 Dex+3 Stlth+, unknown}
   (Trog gifted it to you on level 10 of the Dungeon)

   Attacks with this weapon are significantly faster.
   It affects your intelligence (+6).
   It affects your dexterity (+3).
   It causes draining when unequipped.
   It makes you more stealthy.
 O - the cursed +3 trident of Huonker (weapon) {pierce, Int+4}
   (You found it on level 9 of the Dungeon)

   It inflicts extra damage upon your enemies.
   It affects your intelligence (+4).
   It has a curse placed upon it.
Missiles
 E - 4 poisoned tomahawks (quivered)
 K - a throwing net
Armour
 f - a +0 plate armour (worn)
 p - the -1 cloak of the Gusle (worn) {rElec Slay+3}
   (You acquired it on level 9 of the Dungeon)

   It affects your accuracy and damage with ranged weapons and melee attacks
   (+3).
   It insulates you from electricity.
 F - a +1 chain mail of magic resistance
Jewellery
 b - an amulet of guardian spirit (around neck)
 v - an uncursed ring of ice
 H - a ring of positive energy (left hand)
 N - a ring of see invisible (right hand)
 Q - a cursed ring of loudness {unknown}
 S - an uncursed amulet of faith {unknown}
Wands
 i - a wand of confusion (27/48)
 l - a wand of iceblast (8/15)
 r - a wand of disintegration (14/24)
 G - a wand of slowing (36/48)
 M - a wand of slowing (28/48)
 T - a wand of iceblast (7/15)
Scrolls
 a - a scroll of magic mapping
 d - 9 scrolls of teleportation
 h - 3 scrolls of noise
 k - a scroll of blinking
 L - 2 scrolls of recharging
Potions
 e - 8 potions of curing
 g - 2 potions of berserk rage
 j - 5 potions of agility
 n - 3 potions of ambrosia {unknown}
 q - 2 potions of flight {unknown}
 x - 9 potions of heal wounds
 z - 7 potions of brilliance {unknown}
 A - 2 potions of might {unknown}
 B - a potion of cancellation {unknown}
 D - 4 potions of lignification {unknown}
 J - a potion of haste {unknown}
Comestibles
 c - 15 bread rations
 m - 7 fruits
 o - 10 meat rations
 s - a chunk of flesh
 t - 7 slices of pizza
 C - 3 beef jerkies


   Skills:
 + Level 10.5 Fighting
 * Level 15.9(16.2) Axes
   Level 5.3(11.9) Maces & Flails
 + Level 10.4 Armour
 - Level 2.1 Dodging


You had 10 spell levels left.
You didn't know any spells.

Dungeon Overview and Level Annotations

Branches:
Dungeon (12/15)            Temple (0/1) D:5            Lair (0/6) D:11
    Orc (0/2) D:11

Altars:
Ashenzari
Dithmenos
Gozag
Hepliaklqana
Kikubaaqudgha
Nemelex Xobeh
Okawaru
Trog
Uskayaw
Xom
Yredelemnul
Zin
Beogh

Shops:
D:6 :   D:8 *   D:10 :


Innate Abilities, Weirdness & Mutations

You reflexively headbutt those who attack you in melee.
You have a pair of horns on your head.


Message History

The slime creature quivers. x5
Found a wand of iceblast and a scroll labeled OLEXAU QETEIRO.
There is a stone staircase leading up here.
Attack whom?
Press: ? - help, Dir - move target cursor, f - four-headed hydra
Aim: a four-headed hydra You reach to attack!
You hit the four-headed hydra.
The four-headed hydra is lightly wounded.
You climb upwards.
There is a stone staircase leading down here.
You start waiting.
Done waiting.
Done exploring.
Items here: ( ))) 43 arrows; a shortbow of freezing; an uncursed shortbow an uncursed enchanted shortbow Welcome back, Svalin the Minotaur Berserker.
Trog says: Kill them all!
Press ? for a list of commands and other information.
Are you sure you want to abandon this character and quit the game? (Confirm with "yes".)

#..............###..# #
#.###.....>.....##..# #
#.# ##............########
#.# #.........####.....##
#.# ##....PP.## #.....##
#.#####....P..# #.._..#.
#..[..##..(..## #.....#.
#.....###((.## #.))).#.
#........@.## ###)###.
#.........## ##8...8#.
#.........# #........
#..(......# #...>....
#.......[>########........
#......................)..
#.........................
#.........(...............
#.........#.#..###........


There were no monsters in sight!

Vanquished Creatures
  Nergalle (D:10)
  An orc knight (Bailey)
  A hill giant (D:10)
  An ugly thing (D:11)
  2 cyclopes (D:11)
  An elephant (D:11)
  Joseph (D:8)
  A troll (D:11)
  Grinder (D:4)
  5 yaks (D:10)
  Grum (D:10)
  A human (D:7)
  3 hogs (D:7)
  Eustachio (D:4)
  2 hippogriffs
  A hungry ghost (D:9)
  Edmund (D:5)
  The ghost of PurpleRed the Conjurer, an amateur DECj (D:4)
  6 orc warriors
  A sky beast (D:8)
  5 ice beasts
  7 ogres
  An eye of draining (D:10)
  4 phantoms
  7 centaurs
  2 wolves (D:8)
  A crocodile (D:11)
  7 giant frogs
  A wyvern zombie (D:6)
  3 scorpions
  4 killer bees (D:8)
  4 wights
  An electric eel (D:7)
  2 howler monkeys
  6 crimson imps
  A wasp zombie (D:5)
  A giant frog zombie (D:11)
  6 hounds
  4 orc priests
  2 giant frog skeletons
  Crazy Yiuf (D:2)
  2 gnoll shamans (D:8)
  5 iguanas
  8 orc wizards
  5 worker ants
  The ghost of PurpleRed the Conjurer, a weakling DECj (D:3)
  2 worker ant zombies
  Robin (D:4)
  13 gnolls
  11 adders
  A shadow imp (D:6)
  12 oozes
  An adder zombie (D:5)
  An adder skeleton (D:7)
  2 worms
  4 dart slugs (D:1)
  14 giant geckos
  43 orcs
  3 bats
  22 giant cockroaches
  20 goblins
  12 hobgoblins
  3 jackals (D:2)
  9 quokkas
  9 ball pythons
  18 frilled lizards
  A jackal skeleton (D:6)
  17 kobolds
  A quokka zombie (D:6)
  11 rats
355 creatures vanquished.

Vanquished Creatures (collateral kills)
  2 orc high priests (Bailey)
  An orc warrior (D:10)
  A centaur (D:11)
  An orc wizard (D:10)
5 creatures vanquished.

Vanquished Creatures (others)
  A yak (D:7)
  2 wights (D:8)
  A centaur skeleton (D:9)
4 creatures vanquished.

Grand Total: 364 creatures vanquished

Notes
Turn   | Place    | Note
-------+----------+-------------------------------------------
     0 | D:1      | Svalin the Minotaur Berserker began the quest for the Orb.
     0 | D:1      | Reached XP level 1. HP: 19/19 MP: 0/0
    36 | D:1      | Reached skill level 4 in Axes
    84 | D:1      | Reached XP level 2. HP: 22/26 MP: 1/1
   507 | D:1      | Reached skill level 5 in Axes
   716 | D:1      | Reached XP level 3. HP: 31/31 MP: 2/2
   919 | D:2      | Reached ** piety under Trog
  1323 | D:2      | Found a basalt altar of Yredelemnul.
  1922 | D:2      | Found a runed door.
  1927 | D:2      | Noticed Crazy Yiuf
  1931 | D:2      | Killed Crazy Yiuf
  1931 | D:2      | Reached skill level 6 in Axes
  1931 | D:2      | Reached XP level 4. HP: 39/39 MP: 3/3
  2051 | D:3      | Found an opulent altar of Gozag.
  2709 | D:3      | Noticed PurpleRed's ghost (weakling DECj)
  2719 | D:3      | Killed PurpleRed's ghost
  2719 | D:3      | Reached skill level 7 in Axes
  2719 | D:3      | Reached XP level 5. HP: 36/45 MP: 4/4
  3193 | D:4      | Noticed Eustachio
  3228 | D:4      | Killed Eustachio
  3228 | D:4      | Reached *** piety under Trog
  3228 | D:4      | Reached skill level 8 in Axes
  3228 | D:4      | Reached XP level 6. HP: 38/51 MP: 5/5
  3315 | D:4      | Noticed Grinder
  3325 | D:4      | Killed Grinder
  3325 | D:4      | Reached skill level 9 in Axes
  3330 | D:4      | Found a glowing drain.
  3342 | D:4      | Reached XP level 7. HP: 50/57 MP: 6/6
  3361 | Sewer    | Entered a sewer
  3678 | Sewer    | Reached **** piety under Trog
  3732 | Sewer    | Reached skill level 10 in Axes
  4190 | D:4      | Noticed PurpleRed's ghost (amateur DECj)
  4206 | D:4      | Killed PurpleRed's ghost
  4554 | D:4      | Noticed Robin
  4581 | D:4      | Killed Robin
  4678 | D:4      | Reached skill level 11 in Axes
  4994 | D:5      | Entered Level 5 of the Dungeon
  5027 | D:5      | Reached XP level 8. HP: 49/66 MP: 7/7
  5154 | D:5      | Noticed Edmund
  5195 | D:5      | Killed Edmund
  5325 | D:5      | Reached skill level 1 in Maces & Flails
  5544 | D:5      | Got an iridescent rapier
  5545 | D:5      | Identified the cursed +0 rapier "Killer Bee's Death" {speed, *Confuse +Inv rF+ Int+3} (You found it on level 5 of the Dungeon)
  5552 | D:5      | Found a shimmering altar of Xom.
  5554 | D:5      | Found a shimmering altar of Xom.
  5619 | D:5      | Found an iron altar of Okawaru.
  5664 | D:5      | Reached ***** piety under Trog
  5664 | D:5      | Reached skill level 5 in Armour
  5996 | D:5      | Found a staircase to the Ecumenical Temple.
  6187 | D:6      | Reached skill level 5 in Fighting
  6277 | D:6      | Found a basalt altar of Yredelemnul.
  6281 | D:6      | Found a shattered altar of Ashenzari.
  6310 | D:6      | Found a bloodstained altar of Trog.
  6569 | D:6      | Reached skill level 5 in Maces & Flails
  6569 | D:6      | Reached XP level 9. HP: 74/74 MP: 8/8
  6863 | D:6      | Found Cedyischo's Book Emporium.
  6996 | D:6      | Identified a scroll of acquirement
  7508 | D:7      | Found a shadowy altar of Dithmenos.
  7577 | D:7      | Found a glowing silver altar of Zin.
  7598 | D:7      | Found an ancient bone altar of Kikubaaqudgha.
  7640 | D:7      | Reached skill level 12 in Axes
  8310 | D:8      | Found a hide-covered altar of Uskayaw.
  8946 | D:8      | Reached skill level 13 in Axes
  8954 | D:8      | Noticed Grum
  9219 | D:8      | Reached XP level 10. HP: 84/86 MP: 7/9
  9255 | D:8      | Found a shadowy altar of Dithmenos.
  9327 | D:8      | Found Cakhlafim's Assorted Antiques.
  9336 | D:8      | Bought an emerald potion for 25 gold pieces
  9336 | D:8      | Bought a scroll of remove curse for 84 gold pieces
  9336 | D:8      | Bought a shiny cabochon ring for 140 gold pieces
  9505 | D:8      | Noticed Joseph
  9512 | D:8      | Killed Joseph
  9803 | D:9      | Found a flagged portal.
  9815 | Bailey   | Entered a bailey
  9829 | Bailey   | Noticed an orc knight
  9866 | Bailey   | Killed an orc knight
  9885 | Bailey   | Noticed an orc high priest
  9885 | Bailey   | Noticed an orc high priest
  9887 | Bailey   | Found an iron altar of Okawaru.
  9897 | Bailey   | Noticed a smoke demon
  9897 | Bailey   | Killed an orc high priest
  9908 | Bailey   | Killed an orc high priest
  9908 | Bailey   | Reached skill level 14 in Axes
 10602 | D:9      | Found a sparkling altar of Nemelex Xobeh.
 11086 | D:9      | Got a slimy cloak
 11097 | D:9      | Identified the -1 cloak of the Gusle {rElec Slay+3} (You acquired it on level 9 of the Dungeon)
 11097 | D:9      | Got a crude trident
 11272 | D:9      | Identified the cursed +3 trident of Huonker {pierce, Int+4} (You found it on level 9 of the Dungeon)
 11380 | D:9      | Found a hazy altar of Hepliaklqana.
 11517 | D:10     | Entered Level 10 of the Dungeon
 11525 | D:10     | Received a gift from Trog
 11528 | D:10     | Got a polished war axe {god gift}
 11714 | D:10     | Found Boedwoiwyl's Book Boutique.
 11714 | D:10     | Noticed a hill giant
 11722 | D:10     | Killed a hill giant
 11859 | D:10     | Found a sparkling altar of Nemelex Xobeh.
 11862 | D:10     | Reached XP level 11. HP: 97/97 MP: 10/10
 11868 | D:10     | Killed Grum
 12210 | D:10     | Reached skill level 15 in Axes
 12376 | D:10     | Noticed Nergalle
 12396 | D:10     | Killed Nergalle
 12461 | D:10     | Found a basalt altar of Yredelemnul.
 12769 | D:11     | Noticed a cyan ugly thing
 12778 | D:11     | Killed a cyan ugly thing
 12778 | D:11     | Reached skill level 10 in Fighting
 12778 | D:11     | Reached skill level 10 in Armour
 12930 | D:11     | Found a staircase to the Orcish Mines.
 13029 | D:11     | Found a roughly hewn altar of Beogh.
 13094 | D:11     | Found a shattered altar of Ashenzari.
 13384 | D:11     | Found a staircase to the Lair.
 14048 | D:12     | Noticed a four-headed hydra
 14156 | D:11     | Upgraded the game from 0.19-a0-1493-gd0fcaa6 to 0.19-a0-1553-g64c24c3
 14156 | D:11     | Quit the game

Vault maps used:
D:1:      dpeg_arrival_long_road, dk_noncrumbling_4
D:2:      yredelemnul_altar_generic, first_bread, kennysheep_generic_room_3,
          uniq_crazy_yiuf_cottage
D:3:      nicolae_gozag_seed_capital
D:4:      portal_sewer_entry_a, uniq_robin, uniq_grinder, uniq_eustachio
D:5:      xom_redecorated, okawaru_metal_pillars_1_2, uniq_edmund
D:6:      minmay_cornered_nines, lemuel_crystal_altar,
          overflow_temple_1_default, serial_shops, shop, basic_altar
D:7:      nicolae_overflow_hidden_temple, grunt_livestock, nicolae_water_bricks,
          nicolae_dithmenos_shadow_blocks
D:8:      lemuel_doored_altar, lemuel_round_altar, serial_shops,
          nicolae_shop_overgrown_old_shop, uniq_grum, uniq_joseph
D:9:      lemuel_crystal_altar, kennysheep_little_box, enter_bailey_3
D:10:     basic_altar, serial_shops, nicolae_shop_competitors_out_of_business,
          nemelex_xobeh_ov_fountains_minmay, uniq_nergalle
D:11:     david_lair_generic, minmay_orc_entry_temple_small, basic_altar
D:12:     nicolae_zen_rock_garden
Sewer:    sewer_frog_island_02
Bailey:   bailey_axe_of_yendor_kennysheep, bailey

Skill      XL: |  1  2  3  4  5  6  7  8  9 10 11 |
---------------+----------------------------------+-----
Axes           | 4 5 6 7 8 9 11 13 14 15 | 15.9
Armour         | 3 5 7 9 10 | 10.4
Fighting       | 5 7 9 10 | 10.5
Maces & Flails | 5 |  5.3
Dodging        | |  2.1

Action                   |  1- 3 |  4- 6 |  7- 9 | 10-12 || total
-------------------------+-------+-------+-------+-------++-------
Melee: Hand axe          |    96 |    77 |   236 |       ||   409
       Headbutt          |    13 |    13 |    67 |    52 ||   145
       Dire flail        |       |       |   115 |       ||   115
       Executioner's axe |       |       |   108 |    96 ||   204
       Trident           |       |       |       |   201 ||   201
Throw: Tomahawk          |       |     9 |    10 |     2 ||    21
Invok: Berserk           |     1 |     2 |     3 |     7 ||    13
       Trog's Hand       |     1 |       |     1 |     2 ||     4
       Brothers in Arms  |       |       |       |     3 ||     3
       Burn Spellbooks   |       |       |       |     1 ||     1
  Use: Scroll            |     6 |     4 |     5 |     7 ||    22
 Stab: Distracted        |       |       |     1 |     1 ||     2
  Eat: Chunk             |     3 |     6 |    20 |    25 ||    54
       Beef jerky        |       |     1 |     2 |     1 ||     4
Armor: Animal skin       |     9 |       |       |       ||     9
       Scale mail        |    20 |       |       |       ||    20
       Chain mail        |     9 |    45 |    76 |       ||   130
       Plate armour      |       |       |   176 |    95 ||   271
Dodge: Dodged            |    45 |    52 |   178 |    73 ||   348
